 Dungeon Crawl Stone Soup version 0.24.0-123-gd5b16e6ec5 (webtiles) character file.

Game seed: 7757952443945932821, levelgen mode: deterministic

128 Curus the Cudgeler (level 4, -9/37 HPs)
             Began as a Minotaur Gladiator on Jan 10, 2020.
             Killed from afar by an orc wizard (10 damage)
             ... with a magic dart
             ... on level 3 of the Dungeon.
             The game lasted 00:05:49 (1218 turns).

Curus the Cudgeler (Minotaur Gladiator)             Turns: 1218, Time: 00:05:50

Health: -9/37      AC:  4    Str: 19    XL:     4   Next: 86%
Magic:  3/3        EV: 12    Int:  6    God:
Gold:   69         SH:  0    Dex: 11    Spells: 3/3 levels left

rFire    . . .     SeeInvis .   a - +0 flail
rCold    . . .     Gourm    .   (no shield)
rNeg     . . .     Faith    .   b - +0 leather armour
rPois    .         Spirit   .   c - +0 hat
rElec    .         Reflect  .   e - +0 cloak
rCorr    .         Harm     .   (no gloves)
MR       .....                  (no boots)
Stlth    +.........             (no amulet)
HPRegen  0.12/turn              (no ring)
MPRegen  0.08/turn              (no ring)

@: no status effects
A: retaliatory headbutt, horns 2, blink, mutation resistance 1, screaming 1
a: Blink


You were on level 3 of the Dungeon.
You were not hungry.

You visited 1 branch of the dungeon, and saw 3 of its levels.

You collected 69 gold pieces.

Inventory:

Hand Weapons
 a - a +0 flail (weapon)
Missiles
 d - 3 throwing nets (quivered)
Armour
 b - a +0 leather armour (worn)
 c - a +0 hat (worn)
 e - a +0 cloak (worn)
Jewellery
 h - an uncursed ring of fire
 l - an uncursed ring of flight {unknown}
Scrolls
 j - 2 scrolls of identify
 k - a scroll of teleportation
Potions
 g - a potion of curing
 i - 2 potions of brilliance
Comestibles
 f - 4 rations


   Skills:
 - Level 2.4 Fighting
 + Level 6.8 Maces & Flails
 - Level 2.0 Throwing
 - Level 3.2 Dodging


You had 3 spell levels left.
You didn't know any spells.
Your spell library was empty.

Dungeon Overview and Level Annotations

Branches:
Dungeon (3/15)

Altars:
Qazlal


Innate Abilities, Weirdness & Mutations

You reflexively headbutt those who attack you in melee.
You have a pair of horns on your head.
You can translocate small distances at will.
You are somewhat resistant to further mutation.
You occasionally shout uncontrollably at your foes.


Message History

The orc wizard is heavily wounded.
The orc wizard gestures at you while chanting.
The puff of frost hits you.
You closely miss the orc wizard. You headbutt the orc wizard.
The orc wizard is almost dead.
The orc wizard points at you and mumbles some strange words.
The puff of flame hits you!
* * * LOW HITPOINT WARNING * * *
You hit the orc wizard.
The orc wizard is almost dead.
The orc wizard hits you with a +2 dagger of venom.
* * * LOW HITPOINT WARNING * * *
The orc wizard hits you with a +0 dagger.
* * * LOW HITPOINT WARNING * * *
You hit the orc priest but do no damage.
The orc wizard mumbles some strange words.
The orc wizard blinks!
The orc wizard points at you and mumbles some strange words.
The magic dart hits you!
You die...

.....>.......#
.............#
###.........<.#
##?.........#
##o........# #.
#.........#
###.###.........#
................#
.......@.†.......#
......ooo###...#.#
###......# ..##..#
#....... ### ?##
#......## #
####.### .. #..


You could see an orc priest, 2 orc wizards and an orc.

Vanquished Creatures
  A scorpion (D:2)
  3 adders (D:2)
  An ooze (D:1)
  A worm (D:2)
  2 dart slugs
  A leopard gecko (D:2)
  An orc (D:3)
  2 ball pythons
  5 giant cockroaches
  5 goblins
  3 jackals (D:3)
  3 bats
  3 frilled lizards
  5 kobolds
  8 rats (D:1)
44 creatures vanquished.

Notes
Turn   | Place    | Note
-------+----------+-------------------------------------------
     0 | D:1      | Curus the Minotaur Gladiator began the quest for the Orb.
     0 | D:1      | Reached XP level 1. HP: 18/18 MP: 0/0
    44 | D:1      | Reached skill level 4 in Maces & Flails
   255 | D:1      | Reached XP level 2. HP: 25/25 MP: 1/1
   576 | D:1      | Reached skill level 5 in Maces & Flails
   703 | D:2      | Reached XP level 3. HP: 27/30 MP: 2/2
   707 | D:2      | Noticed a scorpion
   713 | D:2      | Killed a scorpion
   713 | D:2      | Reached skill level 6 in Maces & Flails
   713 | D:2      | Reached XP level 4. HP: 34/37 MP: 3/3
   828 | D:2      | Found a stormy altar of Qazlal.
   836 | D:2      | Gained mutation: You can translocate small distances at
                  | will. [potion of mutation]
   836 | D:2      | Gained mutation: You are somewhat resistant to further
                  | mutation. [potion of mutation]
   836 | D:2      | Gained mutation: You occasionally shout uncontrollably at
                  | your foes. [potion of mutation]
  1217 | D:3      | HP: 1/37 [orc wizard/+0 dagger (4)]
  1218 | D:3      | Killed from afar by an orc wizard

Levels and vault maps discovered:
D:1:      onia_arrival_larder, layout_basic
D:2:      layout_rooms, grunt_qazlal_sundering, first_ration,
          wad_floor_pattern_1
D:3:      layout_rooms, elyvilon_altar_3

Skill      XL: |  1  2  3 |
---------------+----------+-----
Maces & Flails | 4 5 6 |  6.8
Fighting       | |  2.4
Throwing       | |  2.0
Dodging        | |  3.2

Action                   |  1- 3 |  4- 6 || total
-------------------------+-------+-------++-------
Melee: Flail             |    56 |    56 ||   112
       Headbutt          |     9 |     7 ||    16
  Use: Potion            |     6 |     1 ||     7
       Scroll            |     2 |     2 ||     4
  Eat: Chunk             |       |     1 ||     1
Armor: Leather armour    |    17 |    14 ||    31
Dodge: Dodged            |    33 |    31 ||    64
